 Dungeon Crawl Stone Soup version 0.29.1-2-gbd0b4ee654 (webtiles) character file.

Game seed: 3593939197294540715

13145 Ivernyr the Fighter (level 12, 0/65 HPs)
             Began as a Vine Stalker Fighter on Oct 29, 2022.
             Was a Believer of Qazlal.
             Slain by a boulder beetle (15 damage)
             ... on level 1 of the Lair of Beasts.
             The game lasted 00:28:42 (9714 turns).

Ivernyr the Fighter (Vine Stalker Fighter)          Turns: 9714, Time: 00:28:43

Health: 0/65       AC:  7    Str: 26    XL:     12   Next: 2%
Magic:  0/18       EV: 15    Int:  8    God:    Qazlal [**....]
Gold:   983        SH: 10    Dex: 18    Spells: 11/11 levels left

rFire   + . .      SeeInvis .   a - +0 demon whip (freeze)
rCold   x . .      Faith    .   c - +0 buckler
rNeg    + . .      Spirit   +   A - +1 leather armour "Gaewec" {rF+ rC- rN+ Will+}
rPois   .          Reflect  .   (no helmet)
rElec   .          Harm     .   D - +0 cloak
rCorr   .          Rampage  .   (no gloves)
Will    ++...                   j - +0 pair of boots
Stlth   +.........              o - amulet of magic regeneration
HPRegen 1.00/turn               z - +4 ring of slaying
MPRegen 0.56/turn               C - +6 ring of strength

@: about to teleport
A: fangs 3, regeneration 1, magic shield, antimagic bite, no potion heal 2
a: Renounce Religion, Upheaval


You were on level 1 of the Lair of Beasts.
You worshipped Qazlal.
Qazlal was pleased with you.
You visited 3 branches of the dungeon, and saw 14 of its levels.

You collected 983 gold pieces.

Inventory:

Hand Weapons
 a - a +0 demon whip of freezing (weapon)
Armour
 c - a +0 buckler (worn)
 j - a +0 pair of boots (worn)
 A - the +1 leather armour "Gaewec" (worn) {rF+ rC- rN+ Will+}
   (You found it on level 4 of the Dungeon)

   rF:        It protects you from fire.
   rC:        It makes you vulnerable to cold.
   rN:        It protects you from negative energy.
   Will:      It increases your willpower.
 D - a +0 cloak (worn)
Jewellery
 g - a ring of flight
 o - an amulet of magic regeneration (around neck)
 z - a +4 ring of slaying (left hand)
 C - a +6 ring of strength (right hand)
Wands
 r - a wand of polymorph (6)
 v - a wand of paralysis (8)
 G - a wand of digging (6)
Scrolls
 e - 2 scrolls of blinking {unknown}
 h - 2 scrolls of brand weapon
 i - a scroll of fog {unknown}
 l - 2 scrolls of immolation {unknown}
 n - 3 scrolls of poison
 p - 3 scrolls of torment {unknown}
 s - 2 scrolls of identify
 x - a scroll of summoning {unknown}
 y - 2 scrolls of teleportation
 B - a scroll of amnesia {unknown}
 E - a scroll of vulnerability {unknown}
 I - 2 scrolls of magic mapping {unknown}
 K - 2 scrolls of acquirement {unknown}
 L - a scroll of fear {unknown}
 M - 2 scrolls of enchant armour {unknown}
Potions
 b - a potion of brilliance {unknown}
 d - a potion of might
 f - a potion of magic {unknown}
 k - a potion of cancellation {unknown}
 m - 3 potions of resistance
 q - 4 potions of curing
 t - a potion of haste
 u - 3 potions of attraction {unknown}
 w - 3 potions of berserk rage {unknown}
 F - a potion of flight {unknown}
 H - 3 potions of mutation
 J - 2 potions of lignification {unknown}


   Skills:
 + Level 8.3 Fighting
 + Level 8.1 Long Blades
 - Level 6.2 Armour
 + Level 7.0 Dodging
 - Level 6.7 Shields
 * Level 7.3 Invocations


You had 11 spell levels left.
You didn't know any spells.
Your spell library contained the following spells:

 Spells                   Type           Power      Damage    Failure   Level
 Apportation              Tloc           0%         N/A       52%         1
 Magic Dart               Conj           0%         1d3       52%         1
 Necrotise                Necr           0%         1d4       52%         1
 Summon Small Mammal      Summ           0%         N/A       52%         1
 Call Imp                 Summ           0%         N/A       67%         2
 Poisonous Vapours        Pois/Air       0%         N/A       67%         2
 Sublimation of Blood     Necr           0%         N/A       67%         2
 Wereblood                Tmut           0%         N/A       67%         2
 Mephitic Cloud           Conj/Pois/Air  0%         N/A       88%         3
 Ozocubu's Armour         Ice            0%         N/A       88%         3
 Portal Projectile        Hex/Tloc       0%         N/A       88%         3
 Tukima's Dance           Hex            0%         N/A       88%         3
 Blade Hands              Tmut           0%         N/A       100%        5
 Ozocubu's Refrigeration  Ice            0%         4d7       100%        7
 Summon Hydra             Summ           0%         N/A       100%        7


Dungeon Overview and Level Annotations

Branches:
Dungeon (12/15)            Temple (1/1) D:7            Lair (1/5) D:11
    Orc (0/2) D:11

Altars:
Ashenzari
Cheibriados
Dithmenos
Elyvilon
Fedhas
Gozag
Hepliaklqana
Kikubaaqudgha
Makhleb
Nemelex Xobeh
Okawaru
Qazlal
Ru
Sif Muna
Trog
Uskayaw
Vehumet
Wu Jian
Xom
Yredelemnul
Zin
The Shining One

Shops:
D:3 *


Innate Abilities, Weirdness & Mutations

You have razor-sharp teeth.
Your natural rate of healing is unusually fast.
When hurt, damage is shared between your health and your magic reserves.
Your bite disrupts and absorbs the magic of your enemies.
Potions cannot restore your health.


Message History

The cane toad is engulfed in freezing vapours.
The cane toad barely misses you.
You closely miss the cane toad. Your bite misses the cane toad.
The cane toad is severely wounded.
The cane toad is engulfed in freezing vapours.
The cane toad seems to slow down.
You kill the cane toad!
Qazlal accepts your kill.
Your Dodging skill increases to level 7!
Found a stone.
A six-headed hydra comes into view.
There is an open door here.
You open the door.
There is an open door here.
There is an open door here.
There is an open door here.
Found a stone staircase leading down.
A boulder beetle comes into view.
The boulder beetle leaps!
The boulder beetle curls into a ball and begins rolling!
The boulder beetle hits you!!!
Ouch! That really hurt!
The boulder beetle stops rolling and uncurls.
You hit the boulder beetle but do no damage.
You bite the boulder beetle, but do no damage.
You block the boulder beetle's attack. The boulder beetle bites you!
You hit the boulder beetle but do no damage.
The boulder beetle bites you!!
* * * LOW HITPOINT WARNING * * *
Unknown command.
The boulder beetle attacks as you move away!
The boulder beetle bites you.
* * * LOW HITPOINT WARNING * * *
As you read the scroll of teleportation, it crumbles to dust.
You feel strangely unstable. You block the boulder beetle's attack.
The boulder beetle attacks as you move away!
You block the boulder beetle's attack.
The boulder beetle attacks as you move away!
The boulder beetle bites you!!
You die...

..#.#####+#..............##
......................'######
......................#....≈#
......................#....≈#
......................#....≈#
....#####.............#≈≈≈≈≈#
..#......#...###.P#.########+
..+..........###.....##
..#...........#.@.....#
..#......#...##.B.....#
..#..........##.......#
..#......#...##.......#
..#......#...##.......#
..#####+.. ..##.####### #..#
..... ..>.....


You could see a boulder beetle.

Vanquished Creatures
  2 two-headed ogres (D:11)
  A cyclops (D:11)
  A gargoyle (D:10)
  A cane toad (Lair:1)
  A komodo dragon (Lair:1)
  2 kobold demonologists (D:10)
  A troll (D:10)
  A polar bear (Lair:1)
  A hornet (D:9)
  Sigmund (D:2)
  A wraith (D:11)
  11 yaks
  A wyvern (D:7)
  A basilisk (Lair:1)
  2 steam dragons
  4 vampire mosquitoes
  Menkaure (D:5)
  5 water moccasins
  4 orc warriors
  3 sky beasts
  5 black bears
  2 ice beasts
  4 ogres
  3 centaurs
  3 phantoms
  A kobold brigand (D:8)
  A gnoll sergeant (D:7)
  7 bullfrogs
  3 scorpions
  5 necrophages
  18 wights
  14 killer bees
  6 electric eels (D:11)
  4 howler monkeys
  6 hounds
  A gnoll bouda (D:6)
  A jelly (D:5)
  7 orc priests
  3 iguanas
  12 orc wizards
  4 gnolls (D:6)
  5 adders
  2 white imps
  4 worms
  2 dart slugs
  33 orcs
  8 bats
  6 endoplasms
  2 giant cockroaches
  12 goblins
  5 hobgoblins
  4 quokkas
  A ball python (D:2)
  11 kobolds
  A rat (D:2)
251 creatures vanquished.

Vanquished Creatures (others)
  2 orcs (D:9)
  39 fungi (D:11)
  41 plants
82 creatures vanquished.

Grand Total: 333 creatures vanquished

Notes
Turn   | Place    | Note
-------+----------+-------------------------------------------
     0 | D:1      | Ivernyr the Vine Stalker Fighter began the quest for the
                  | Orb.
     0 | D:1      | Reached XP level 1. HP: 11/11 MP: 2/2
   205 | D:1      | Found a faded altar of an unknown god.
   244 | D:1      | Reached XP level 2. HP: 13/16 MP: 3/3
  1296 | D:2      | Noticed Sigmund
  1327 | D:2      | Killed Sigmund
  1328 | D:2      | Reached skill level 1 in Dodging
  1328 | D:2      | Reached XP level 3. HP: 6/20 MP: 4/4
  1328 | D:2      | Gained mutation: Your natural rate of healing is unusually
                  | fast. [Vine Stalker growth]
  1328 | D:2      | Reached XP level 4. HP: 7/24 MP: 5/5
  1328 | D:2      | Reached XP level 5. HP: 9/28 MP: 6/6
  1854 | D:3      | Found Anysat's General Store.
  1994 | D:3      | Reached XP level 6. HP: 25/32 MP: 7/7
  2550 | D:3      | Reached XP level 7. HP: 37/37 MP: 8/8
  2848 | D:4      | Identified the +1 leather armour "Gaewec" {rF+ rC- rN+
                  | Will+}
  2974 | D:4      | Identified the +2 ring mail "Poipof" {Rampage +Blink rF+
                  | Slay+2}
  3133 | D:5      | Entered Level 5 of the Dungeon
  3156 | D:5      | Noticed Menkaure
  3162 | D:5      | Killed Menkaure
  3163 | D:5      | Gained mutation: You have razor-sharp teeth. [Vine Stalker
                  | growth]
  3163 | D:5      | Reached XP level 8. HP: 30/42 MP: 6/9
  3556 | D:5      | Found a shimmering blue altar of Sif Muna.
  3564 | D:5      | Got Sif Muna's Codex of the Storm
  3573 | D:5      | Reached skill level 5 in Fighting
  3573 | D:5      | Reached skill level 5 in Shields
  3573 | D:5      | Found a bloodstained altar of Trog.
  4002 | D:6      | Reached XP level 9. HP: 34/47 MP: 10/10
  4007 | D:6      | Reached skill level 5 in Long Blades
  4098 | D:6      | Reached skill level 5 in Armour
  4902 | D:6      | Reached XP level 10. HP: 32/52 MP: 7/11
  4946 | D:6      | Reached skill level 5 in Dodging
  5334 | D:7      | Found a staircase to the Ecumenical Temple.
  5360 | Temple   | Entered the Ecumenical Temple
  5406 | Temple   | Became a worshipper of Qazlal Stormbringer
  5657 | D:8      | Found a broken altar of Ashenzari.
  5678 | D:7      | Reached skill level 1 in Invocations
  5870 | D:7      | Reached * piety under Qazlal
  6051 | D:8      | Found a hazy altar of Hepliaklqana.
  6470 | D:9      | Reached XP level 11. HP: 58/58 MP: 14/14
  6545 | D:9      | You fall into a shaft and drop 3 floors!
  6642 | D:11     | Found a staircase to the Orcish Mines.
  6670 | D:10     | Entered Level 10 of the Dungeon
  6966 | D:9      | Reached ** piety under Qazlal
  7510 | D:10     | Found a hide-covered altar of Uskayaw.
  7574 | D:10     | Reached skill level 5 in Invocations
  8263 | D:11     | Noticed a two-headed ogre
  8417 | D:11     | Noticed a cyclops
  8438 | D:11     | Killed a cyclops
  8585 | D:11     | Noticed a two-headed ogre
  8782 | D:11     | Killed a two-headed ogre
  8865 | D:11     | Killed a two-headed ogre
  9032 | D:11     | Found a staircase to the Lair.
  9316 | Lair:1   | Entered Level 1 of the Lair of Beasts
  9488 | Lair:1   | Reached XP level 12. HP: 35/65 MP: 15/18
  9609 | Lair:1   | Noticed a six-headed hydra
  9700 | Lair:1   | Noticed a boulder beetle
  9714 | Lair:1   | Slain by a boulder beetle

Illustrated notes

Levels and vault maps discovered:
D:1:      lemuel_arrival_funnel, layout_basic, ebering_ecumenical_altar_box,
          serial_rivers, chequers_serial_rivers_marsh,
          chequers_serial_rivers_small_3, chequers_serial_rivers_large_b,
          chequers_serial_rivers_marsh
D:2:      layout_rooms, uniq_sigmund
D:3:      layout_loops_ring, serial_shops, shop
D:4:      layout_gridville
D:5:      layout_layer_cave, nzn_overflow_gifts_of_might_and_magic,
          uniq_menkaure
D:6:      layout_basic, nicolae_figureground_pulse
D:7:      hangedman_cross_stitches, layout_cave_pools, minmay_temple_entry_grid,
          minmay_fractal_squares_gapless_5
D:8:      layout_cave_pools, nzn_hepliaklqana_mist_gate,
          overflow_temple_1_default
D:9:      layout_layer_cave, enter_bailey_3, kennysheep_boxes
D:10:     layout_loops_ring, eat_drink_and_be_merry_uskayaw,
          minmay_misc_feat_chi, small_statue_intersection
D:11:     layout_basic, due_lair_maze_entry_diamond, orc_david_3, minivault_14
D:12:     layout_roguey, argonaut_gorgonesque, uniq_josephine, uniq_maurice
Temple:   sentei_temple_godly_chess
Lair:1:   layout_regular_city, minmay_lair_oklob_items,
          chequers_serial_rivers_room_a

Skill      XL: |  1  2  3  4  5  6  7  8  9 10 11 12 |
---------------+-------------------------------------+-----
Long Blades    | 2 3 4 5 7 8 |  8.1
Fighting       | 3 4 5 6 7 8 |  8.3
Armour         | 3 4 5 6 |  6.2
Dodging        | 1 2 3 4 5 6 7 |  7.0
Shields        | 3 4 5 6 |  6.7
Invocations    | 3 7 |  7.3

Action                   |  1- 3 |  4- 6 |  7- 9 | 10-12 || total
-------------------------+-------+-------+-------+-------++-------
Melee: Long sword        |    47 |   127 |    86 |       ||   260
       Bite              |    13 |    30 |    67 |   134 ||   244
       Demon whip        |       |       |   117 |   373 ||   490
Throw: Throwing net      |     2 |       |       |       ||     2
Invok: Upheaval          |       |       |       |     1 ||     1
  Use: Scroll            |       |       |       |    11 ||    11
       Potion            |       |       |       |     3 ||     3
Armor: Scale mail        |    20 |    55 |    15 |       ||    90
       Leather armour    |       |       |    49 |   100 ||   149
Dodge: Dodged            |    17 |    44 |   139 |   333 ||   533
Block: Buckler           |     8 |    25 |    37 |   233 ||   303
